AoeStats
← | ArCas | Toruk Makto

Oasis

509012338Analyzed
4v4 RM · 6d ago on Sep 25, 2026· 43m 1s· 8 players
Game mode
Random Map
Map size
Large (8 player)
Population
200
Speed
Normal
Resources
Standard
Victory
Conquest
Starting age
Dark Age
Ending age
Imperial Age
RankedLock teamsTeams togetherTeam positionsShared explorationLock speedFull tech treeHidden civsTurbo modeCheats
Victory
Defeat
🇨🇳 Persians · China
1298
+15
🇦🇷 Persians · Argentina
1285
+15
🇲🇽 Britons · Mexico
1261
+16
🇵🇪 Mongols · Peru
1260
+16
🇨🇳 Varangians · China
1357
-18
🇷🇺 Persians · Russia
1299
-17
🇨🇳 Inca · China
1225
-14
🇨🇳 Vietnamese · China
1200
-13
KOF Itachi
6:39 Loom
9:13 Feudal Age
10:29 Double-Bit Axe
15:57 Fletching
18:06 Padded Archer Armor
24:22 Castle Age
24:26 Crossbowman
25:03 Bodkin Arrow
26:10 Leather Archer Armor
27:45 Bow Saw
31:32 Pikeman
32:12 Squires
33:43 Town Watch
38:23 Gold Mining
38:32 Stone Mining
43:17 Ballistics
| ArCas | Toruk Makto
6:49 Loom
8:56 Feudal Age
9:34 Double-Bit Axe
9:31 Horse Collar
19:27 Castle Age
18:30 Bloodlines
19:19 Forging
19:14 Scale Barding Armor
19:41 Gold Mining
21:57 Husbandry
27:41 Bow Saw
27:43 Heavy Plow
28:21 Wheelbarrow
34:06 Imperial Age
31:26 Town Watch
31:57 Hand Cart
32:36 Gold Shaft Mining
31:52 Stone Mining
34:41 Iron Casting
34:27 Chain Barding Armor
33:50 Cavalier
35:32 Stone Shaft Mining
34:51 Fletching
37:02 Two-Man Saw
36:20 Savar
39:40 Blast Furnace
39:16 Plate Barding Armor
40:40 Conscription
40:53 Bodkin Arrow
xrw
6:27 Loom
8:43 Feudal Age
9:12 Double-Bit Axe
9:30 Horse Collar
10:43 Loom
17:45 Scale Barding Armor
19:22 Gold Mining
22:01 Castle Age
20:38 Forging
21:12 Bloodlines
22:55 Chain Barding Armor
21:57 Light Cavalry
23:22 Bow Saw
24:17 Iron Casting
28:49 Husbandry
32:34 Wheelbarrow
35:50 Imperial Age
35:29 Heavy Camel Rider
36:54 Plate Barding Armor
40:50 Blast Furnace
40:35 Cavalier
WALLS
7:44 Loom
12:19 Feudal Age
13:12 Double-Bit Axe
16:29 Castle Age
15:03 Horse Collar
18:15 Bow Saw
22:43 Wheelbarrow
22:56 Gold Mining
22:58 Stone Mining
24:26 Hand Cart
26:55 Gold Shaft Mining
26:57 Stone Shaft Mining
26:34 Heavy Plow
31:45 Imperial Age
29:54 Fletching
30:05 Padded Archer Armor
30:28 Ballistics
30:19 Masonry
30:44 Bodkin Arrow
31:25 Town Watch
32:16 Bloodlines
32:47 Leather Archer Armor
32:38 Scale Barding Armor
32:01 Onager
33:15 Thumb Ring
33:23 Town Patrol
34:26 Bracer
35:28 Chemistry
35:07 Drill
34:09 Elite Mangudai
35:42 Chain Barding Armor
36:11 Conscription
36:21 Siege Engineers
37:13 Forging
36:25 Heavy Camel Rider
37:06 Husbandry
38:29 Iron Casting
38:41 Siege Onager
42:42 Blast Furnace
42:15 Parthian Tactics
42:32 Caravan
赤道大变了
5:24 Loom
9:39 Feudal Age
10:01 Man-at-Arms
19:13 Fletching
25:42 Castle Age
30:05 Wheelbarrow
35:22 Double-Bit Axe
35:20 Horse Collar
马虎
6:05 Loom
9:27 Feudal Age
13:35 Scale Barding Armor
14:53 Horse Collar
16:42 Double-Bit Axe
22:21 Castle Age
20:53 Bloodlines
25:35 Chain Barding Armor
28:23 Forging
impossible
9:33 Feudal Age
13:40 Castle Age
12:06 Double-Bit Axe
21:42 Bow Saw
21:13 Horse Collar
21:59 Stone Mining
21:58 Loom
22:06 Gold Mining
22:12 Gold Mining
25:55 Bloodlines
25:54 Husbandry
26:04 Scale Barding Armor
28:44 Imperial Age
26:40 Forging
27:48 Chain Barding Armor
28:40 Iron Casting
29:08 Wheelbarrow
28:19 Town Watch
28:24 Cavalier
31:00 Hand Cart
31:38 Savar
33:24 Town Watch
34:41 Blast Furnace
35:01 Plate Barding Armor
37:15 Heavy Plow
37:51 Gold Shaft Mining
37:09 Fletching
38:04 Conscription
39:03 Bodkin Arrow
42:09 Thumb Ring
41:25 Crossbowman
42:06 Padded Archer Armor
42:28 Ballistics
43:09 Chemistry
EU _XING
2:53 Loom
9:07 Feudal Age
11:10 Wheelbarrow
13:28 Town Watch
14:34 Double-Bit Axe
21:52 Castle Age
19:36 Horse Collar
20:46 Stone Mining
20:52 Gold Mining
26:58 Bow Saw
26:49 Heavy Plow
28:17 Gold Shaft Mining
28:19 Stone Shaft Mining
29:36 Hand Cart
31:53 Fortified Wall
31:25 Treadmill Crane
32:40 Masonry
33:16 Murder Holes
33:57 Town Patrol
35:13 Fletching
35:23 Padded Archer Armor
35:13 Fletching
35:23 Padded Archer Armor
34:47 Elite Skirmisher
38:00 Imperial Age
35:31 Pikeman
36:13 Squires
37:00 Bodkin Arrow
37:20 Leather Archer Armor
37:00 Bodkin Arrow
37:20 Leather Archer Armor
37:06 Scale Mail Armor
37:16 Forging
37:06 Scale Mail Armor
37:16 Forging
37:06 Scale Mail Armor
38:39 Andean Sling
38:08 Halberdier
38:31 Imperial Skirmisher
39:13 Bracer
39:43 Ring Archer Armor
39:48 Iron Casting
39:28 Chain Mail Armor
39:49 Iron Casting
39:29 Chain Mail Armor
39:49 Iron Casting
40:26 Chain Mail Armor
40:37 Arson
41:46 Hoardings
41:32 Conscription
Connection lost

Rejoining the realm…

Still unreachable

The connection could not be restored.

Session expired

The server has moved on; the page needs a fresh start.